 Dungeon Crawl Stone Soup version 0.26-a0-30-g56b8cd3df0 (webtiles) character file.

Game seed: 2265608698674087444, levelgen mode: deterministic

4240 OleJ the Blocker (level 10, -11/82 HPs)
             Began as a Gnoll Fighter on June 3, 2020.
             Was a Believer of Elyvilon.
             Mangled by Psyche
             ... wielding a +0 dagger of distortion
              (13 damage)
             ... on level 8 of the Dungeon.
             The game lasted 00:32:24 (9221 turns).

OleJ the Blocker (Gnoll Fighter)                    Turns: 9221, Time: 00:32:25

Health: -11/82     AC:  4    Str: 28    XL:     10   Next: 30%
Magic:  17/17      EV: 13    Int: 11    God:    Elyvilon [**....]
Gold:   448        SH: 12    Dex: 14    Spells: 19/19 levels left

rFire    . . .     SeeInvis .   b - +2 whip (flame)
rCold    . . .     Gourm    .   c - +0 kite shield
rNeg     . . .     Faith    .   (no armour)
rPois    .         Spirit   .   B - +0 helmet
rElec    .         Reflect  .   (no cloak)
rCorr    .         Harm     .   w - +0 pair of gloves
MR       +....                  N - +0 pair of boots
Stlth    +++.......             (no amulet)
HPRegen  0.23/turn              D - ring of protection from magic
MPRegen  0.15/turn              I - +6 ring of strength

@: no status effects
A: distributed training, fangs 1, strong nose
a: Lesser Healing, Heal Other, Divine Protection, Renounce Religion


You were on level 8 of the Dungeon.
You worshipped Elyvilon.
Elyvilon was pleased with you.
You were not hungry.

You visited 2 branches of the dungeon, and saw 9 of its levels.

You collected 448 gold pieces.

Inventory:

Hand Weapons
 b - a +2 whip of flaming (weapon)
 l - a +1 scimitar of flaming
Missiles
 h - 277 stones (quivered)
 i - a throwing net
 q - 25 poisoned darts
Armour
 c - a +0 kite shield (worn)
 w - a +0 pair of gloves (worn)
 x - a +1 scale mail of poison resistance
 B - a +0 helmet (worn)
 L - a +0 plate armour
 N - a +0 pair of boots (worn)
 P - a +3 ring mail
Jewellery
 m - a +4 ring of protection
 C - an uncursed ring of resist corrosion
 D - a ring of protection from magic (left hand)
 H - an uncursed ring of magical power
 I - a +6 ring of strength (right hand)
Wands
 M - a wand of iceblast (4)
Scrolls
 e - 3 scrolls of enchant weapon
 g - 3 scrolls of teleportation
 j - a scroll of remove curse
 k - 3 scrolls of immolation
 n - 6 scrolls of identify {unknown}
 p - a scroll of fog {unknown}
 r - 2 scrolls of magic mapping {unknown}
 y - a scroll of noise {unknown}
 E - a scroll of enchant armour {unknown}
 G - 2 scrolls of blinking {unknown}
 J - a scroll of random uselessness {unknown}
 K - a scroll of vulnerability {unknown}
 S - 3 scrolls of summoning {unknown}
 T - a scroll of amnesia {unknown}
Potions
 a - a potion of brilliance {unknown}
 d - 2 potions of might
 o - a potion of berserk rage
 s - a potion of magic {unknown}
 t - a potion of cancellation
 u - a potion of haste
 v - 2 potions of stabbing
 z - a potion of ambrosia {unknown}
 A - 2 potions of degeneration {unknown}
 F - a potion of curing
 O - a potion of resistance {unknown}
 R - a potion of mutation {unknown}
Comestibles
 f - 10 rations


   Skills:
 + Level 8.4 Fighting
 + Level 5.0 Short Blades
 + Level 5.0 Long Blades
 + Level 6.9 Axes
 + Level 5.0 Maces & Flails
 + Level 5.0 Polearms
 + Level 5.0 Staves
 + Level 5.0 Slings
 + Level 5.0 Bows
 + Level 5.0 Crossbows
 + Level 5.0 Throwing
 + Level 8.4 Armour
 + Level 5.0 Dodging
 + Level 5.0 Stealth
 + Level 8.4 Shields
 + Level 5.0 Unarmed Combat
 + Level 5.0 Spellcasting
 + Level 4.2 Conjurations
 + Level 4.2 Hexes
 + Level 4.2 Charms
 + Level 4.2 Summonings
 + Level 4.2 Necromancy
 + Level 4.2 Translocations
 + Level 4.2 Transmutations
 + Level 4.2 Fire Magic
 + Level 4.2 Ice Magic
 + Level 4.2 Air Magic
 + Level 4.2 Earth Magic
 + Level 4.2 Poison Magic
 + Level 5.5 Invocations
 + Level 5.0 Evocations


You had 19 spell levels left.
You didn't know any spells.
Your spell library contained the following spells:

 Spells                   Type           Power        Failure   Level  Hunger
 Beastly Appendage        Tmut           ##....       9%          1    None
 Corona                   Hex            ##.....      9%          1    None
 Ensorcelled Hibernation  Hex/Ice        ##....       14%         2    ##.....
 Sticks to Snakes         Tmut           ##......     14%         2    ##.....
 Confusing Touch          Hex            ##......     26%         3    ###....
 Dazzling Flash           Conj/Hex       ##....       26%         3    ###....
 Spider Form              Tmut/Pois      ##........   26%         3    ###....
 Tukima's Dance           Hex            ##......     26%         3    ###....
 Ice Form                 Ice/Tmut       ##......     65%         4    ####...
 Blade Hands              Tmut           ##........   94%         5    ######.


Dungeon Overview and Level Annotations

Branches:
Dungeon (8/15)             Temple (1/1) D:5            Lair (0/6) D:8

Altars:
Cheibriados
Dithmenos
Elyvilon
Fedhas
Gozag
Hepliaklqana
Kikubaaqudgha
Makhleb
Nemelex Xobeh
Okawaru
Qazlal
Ru
Sif Muna
Trog
Uskayaw
Vehumet
Wu Jian
Xom
Yredelemnul
Zin
The Shining One

Shops:
D:8 *

Annotations:
D:8 Psyche


Innate Abilities, Weirdness & Mutations

Your experience applies equally to all skills.
You have very sharp teeth.
Your uncanny sense of smell can sniff out nearby items.


Message History

The puff of flame hits you!
* * * LOW HITPOINT WARNING * * *
You hit Psyche. You burn Psyche. You bite Psyche, but do no damage.
Psyche is severely wounded.
Psyche hits you but does no damage. Space bends around you.
* * * LOW HITPOINT WARNING * * *
Psyche misses you.
You hit Psyche but do no damage.
Psyche is severely wounded.
Psyche completely misses you. Psyche gestures at you while chanting.
The magic dart hits you!
* * * LOW HITPOINT WARNING * * *
You hit Psyche. You burn Psyche.
Psyche is severely wounded.
You block Psyche's attack.
Psyche hits you with a +0 dagger of distortion.
* * * LOW HITPOINT WARNING * * *
Space warps horribly around you!
You die...

# ......##### #
...........# ##
.........!...#
.####...###......#
.#.......##......#
.................#
...##...###...)..#
##..............@#
#...[......!...(@##
..................#
.#.#.#>.......#.#.#
............!..∩..#
....##........#.###
.................#
..................^
..................#
...............##


You could see Psyche (fast).

Vanquished Creatures
  Harold (D:8)
  Erica (D:8)
  Pikel (D:6)
  A slave (D:6)
  An orc warrior (D:6)
  3 ice beasts
  A centaur (D:5)
  3 ogres
  A big kobold (D:7)
  2 bullfrogs
  A scorpion (D:6)
  A water moccasin skeleton (D:7)
  5 killer bees (D:8)
  A howler monkey (D:4)
  4 crimson imps
  2 hounds (D:7)
  An orc priest (D:5)
  2 bullfrog skeletons
  A centaur skeleton (D:6)
  Jessica (D:3)
  5 iguanas
  7 worker ants
  6 orc wizards
  A hound skeleton (D:4)
  12 adders
  7 gnolls
  4 oozes (D:2)
  2 adder zombies
  3 adder skeletons
  4 worms
  5 dart slugs
  6 leopard geckos
  17 orcs
  3 ball pythons
  3 giant cockroaches
  17 goblins
  8 hobgoblins
  2 jackals (D:2)
  10 kobolds
  6 quokkas
  6 bats
  7 frilled lizards
  A leopard gecko zombie (D:6)
  A quokka skeleton (D:4)
  A quokka zombie (D:6)
  11 rats
189 creatures vanquished.

Vanquished Creatures (others)
  A slave (D:6)
  A howler monkey (D:6)
  A bullfrog zombie (D:6)
  An orc (D:6)
4 creatures vanquished.

Grand Total: 193 creatures vanquished

Notes
Turn   | Place    | Note
-------+----------+-------------------------------------------
     0 | D:1      | OleJ the Gnoll Fighter began the quest for the Orb.
     0 | D:1      | Reached XP level 1. HP: 23/23 MP: 1/1
   138 | D:1      | Reached XP level 2. HP: 29/29 MP: 2/2
   479 | D:1      | Reached XP level 3. HP: 35/35 MP: 3/3
  1769 | D:2      | Reached skill level 1 in Invocations
  1981 | D:2      | Reached skill level 1 in Short Blades
  1981 | D:2      | Reached skill level 1 in Long Blades
  1981 | D:2      | Reached skill level 1 in Maces & Flails
  1981 | D:2      | Reached skill level 1 in Polearms
  1981 | D:2      | Reached skill level 1 in Staves
  1981 | D:2      | Reached skill level 1 in Slings
  1981 | D:2      | Reached skill level 1 in Bows
  1981 | D:2      | Reached skill level 1 in Crossbows
  1981 | D:2      | Reached skill level 1 in Throwing
  1981 | D:2      | Reached skill level 1 in Dodging
  1981 | D:2      | Reached skill level 1 in Stealth
  1981 | D:2      | Reached skill level 1 in Unarmed Combat
  1981 | D:2      | Reached skill level 1 in Spellcasting
  1981 | D:2      | Reached skill level 1 in Evocations
  2041 | D:2      | Reached XP level 4. HP: 41/41 MP: 5/5
  2301 | D:2      | Reached skill level 1 in Conjurations
  2301 | D:2      | Reached skill level 1 in Hexes
  2301 | D:2      | Reached skill level 1 in Charms
  2301 | D:2      | Reached skill level 1 in Summonings
  2301 | D:2      | Reached skill level 1 in Necromancy
  2301 | D:2      | Reached skill level 1 in Translocations
  2301 | D:2      | Reached skill level 1 in Transmutations
  2301 | D:2      | Reached skill level 1 in Fire Magic
  2301 | D:2      | Reached skill level 1 in Ice Magic
  2301 | D:2      | Reached skill level 1 in Air Magic
  2301 | D:2      | Reached skill level 1 in Earth Magic
  2301 | D:2      | Reached skill level 1 in Poison Magic
  2502 | D:2      | Reached XP level 5. HP: 47/47 MP: 6/6
  3213 | D:3      | Noticed Jessica
  3223 | D:3      | Killed Jessica
  3229 | D:3      | Reached XP level 6. HP: 53/53 MP: 8/8
  3281 | D:3      | Found a faded altar of an unknown god.
  3366 | D:4      | Found an iron altar of Okawaru.
  4292 | D:4      | Reached skill level 5 in Axes
  4347 | D:4      | Reached XP level 7. HP: 48/59 MP: 10/10
  4459 | D:4      | Found an ancient bone altar of Kikubaaqudgha.
  4461 | D:4      | Found an opulent altar of Gozag.
  4642 | D:4      | Found a bloodstained altar of Trog.
  4695 | D:4      | Found a glowing golden altar of the Shining One.
  4698 | D:4      | Found a shadowy altar of Dithmenos.
  4778 | D:5      | Entered Level 5 of the Dungeon
  4787 | D:4      | Found an ornate altar of the Wu Jian Council.
  5098 | D:5      | Found a staircase to the Ecumenical Temple.
  5105 | Temple   | Entered the Ecumenical Temple
  5163 | Temple   | Became a worshipper of Elyvilon the Healer
  5468 | D:5      | Reached XP level 8. HP: 19/67 MP: 12/12
  6345 | D:6      | Reached * piety under Elyvilon
  6382 | D:6      | Found a snail-covered altar of Cheibriados.
  6419 | D:6      | Noticed Pikel
  6442 | D:6      | Killed Pikel
  6442 | D:6      | Reached XP level 9. HP: 72/72 MP: 12/14
  7725 | D:7      | Reached ** piety under Elyvilon
  8214 | D:8      | Found a staircase to the Lair.
  8649 | D:8      | Noticed Erica
  8663 | D:8      | Noticed Harold
  8763 | D:8      | Killed Harold
  8763 | D:8      | Reached skill level 5 in Invocations
  8763 | D:8      | Reached XP level 10. HP: 38/80 MP: 15/17
  8807 | D:8      | HP: 3/80 [Erica/+1 scimitar of flaming (3)]
  8810 | D:8      | Killed Erica
  8810 | D:8      | Reached skill level 5 in Short Blades
  8810 | D:8      | Reached skill level 5 in Long Blades
  8810 | D:8      | Reached skill level 5 in Maces & Flails
  8810 | D:8      | Reached skill level 5 in Polearms
  8810 | D:8      | Reached skill level 5 in Staves
  8810 | D:8      | Reached skill level 5 in Slings
  8810 | D:8      | Reached skill level 5 in Bows
  8810 | D:8      | Reached skill level 5 in Crossbows
  8810 | D:8      | Reached skill level 5 in Throwing
  8810 | D:8      | Reached skill level 5 in Dodging
  8810 | D:8      | Reached skill level 5 in Stealth
  8810 | D:8      | Reached skill level 5 in Unarmed Combat
  8810 | D:8      | Reached skill level 5 in Spellcasting
  8810 | D:8      | Reached skill level 5 in Evocations
  8813 | D:8      | HP: 2/82 [poisoned by Erica (bolt of poison)]
  8818 | D:8      | HP: 1/82 [poisoned by Erica (bolt of poison)]
  8824 | D:8      | HP: 1/82 [poisoned by Erica (bolt of poison)]
  9200 | D:8      | Found Teuguratz's General Store.
  9202 | D:8      | Noticed Psyche
  9221 | D:8      | HP: 2/82 [Psyche/+0 dagger of distortion (4)]
  9221 | D:8      | Mangled by Psyche

Illustrated notes

Levels and vault maps discovered:
D:1:      shiori_arrival_elements, layout_loops_corners, chequers_mini_garden
D:2:      layout_basic, minivault_19
D:3:      layout_basic, serial_forest, infiniplex_forest_clump_curved,
          infiniplex_forest_corner_1, infiniplex_forest_lined_2,
          infiniplex_forest_lined_room_3, infiniplex_forest_diagonal,
          infiniplex_forest_lined_2, chequers_ecumenical_altar_simple,
          minmay_fractal_squares_5, uniq_jessica
D:4:      layout_rooms, lemuel_crystal_altar, nicolae_overflow_hidden_temple,
          lemuel_doored_altar, first_ration
D:5:      layout_loops_corners, minmay_temple_entry_arrows, minmay_circle_x
D:6:      layout_rooms, old_standard_altar, uniq_pikel
D:7:      layout_loops_ring, hangedman_decor_opposing
D:8:      layout_rooms, lair_entry_dummy, serial_shops, nicolae_shop_crystal,
          uniq_harold, uniq_erica, uniq_psyche
Temple:   nicolae_temple_god_jail

Skill      XL: |  1  2  3  4  5  6  7  8  9 10 |
---------------+-------------------------------+-----
Invocations    | 1 2 3 4 5 |  5.5
Short Blades   | 1 2 3 4 5 |  5.0
Long Blades    | 1 2 3 4 5 |  5.0
Maces & Flails | 1 2 3 4 5 |  5.0
Polearms       | 1 2 3 4 5 |  5.0
Staves         | 1 2 3 4 5 |  5.0
Slings         | 1 2 3 4 5 |  5.0
Bows           | 1 2 3 4 5 |  5.0
Crossbows      | 1 2 3 4 5 |  5.0
Throwing       | 1 2 3 4 5 |  5.0
Dodging        | 1 2 3 4 5 |  5.0
Stealth        | 1 2 3 4 5 |  5.0
Unarmed Combat | 1 2 3 4 5 |  5.0
Spellcasting   | 1 2 3 4 5 |  5.0
Evocations     | 1 2 3 4 5 |  5.0
Conjurations   | 1 2 3 4 |  4.2
Hexes          | 1 2 3 4 |  4.2
Charms         | 1 2 3 4 |  4.2
Summonings     | 1 2 3 4 |  4.2
Necromancy     | 1 2 3 4 |  4.2
Translocations | 1 2 3 4 |  4.2
Transmutations | 1 2 3 4 |  4.2
Fire Magic     | 1 2 3 4 |  4.2
Ice Magic      | 1 2 3 4 |  4.2
Air Magic      | 1 2 3 4 |  4.2
Earth Magic    | 1 2 3 4 |  4.2
Poison Magic   | 1 2 3 4 |  4.2
Axes           | 5 6 |  6.9
Fighting       | 7 8 |  8.4
Armour         | 7 8 |  8.4
Shields        | 7 8 |  8.4

Action                   |  1- 3 |  4- 6 |  7- 9 | 10-12 || total
-------------------------+-------+-------+-------+-------++-------
Melee: War axe           |    16 |       |       |       ||    16
       Bite              |    12 |    26 |    96 |     2 ||   136
       Short sword       |    69 |   204 |   214 |       ||   487
       Whip              |       |       |   322 |    20 ||   342
Throw: Stone             |    12 |     9 |     1 |       ||    22
       Dart              |       |     4 |     7 |     3 ||    14
  Use: Potion            |       |     1 |     3 |     2 ||     6
       Scroll            |       |       |     4 |       ||     4
 Stab: Invisible         |       |     1 |       |       ||     1
  Eat: Chunk             |     3 |     7 |     8 |       ||    18
       Ration            |       |       |     2 |     1 ||     3
Armor: Scale mail        |    22 |    71 |    57 |       ||   150
       Plate armour      |       |       |   218 |       ||   218
       Skin              |       |       |       |     1 ||     1
Dodge: Dodged            |    22 |    73 |   154 |     7 ||   256
Block: Kite shield       |    35 |   113 |   290 |    11 ||   449

Table legend:
 A = Non-vault XP
 B = Vault XP
 C = Vault XP percentage of total XP
 D = Non-vault monster count
 E = Vault monster count
 F = Vault count percentage of total count
                 A         B        C        D         E       F
            +---------+---------+-------+---------+---------+-------
      Total |    3356 |    2702 |  44.6 |     177 |      11 |   5.9
            +---------+---------+-------+---------+---------+-------
        D:1 |      42 |       0 |   0.0 |      24 |       0 |   0.0
        D:2 |     138 |       0 |   0.0 |      33 |       0 |   0.0
        D:3 |     173 |      45 |  20.6 |      33 |       5 |  13.2
        D:4 |     393 |       0 |   0.0 |      12 |       0 |   0.0
        D:5 |     529 |      58 |   9.9 |      18 |       3 |  14.3
        D:6 |     758 |     663 |  46.7 |      26 |       1 |   3.7
        D:7 |     792 |       0 |   0.0 |      20 |       0 |   0.0
        D:8 |     531 |    1936 |  78.5 |      11 |       2 |  15.4
            +---------+---------+-------+---------+---------+-------
